 Dungeon Crawl Stone Soup version 0.26-a0-668-gd58323b419 (webtiles) character file.

Game seed: 12527177350911411967

120 somkeydreadnuts the Digger (level 5, -5/28 HPs)
             Began as a Gargoyle Earth Elementalist on Oct 19, 2020.
             Slain by a worm (12 damage)
             ... on level 2 of the Dungeon.
             The game lasted 00:04:47 (1799 turns).

somkeydreadnuts the Digger (GrEE)                   Turns: 1799, Time: 00:04:48

Health: -5/28      AC:  6    Str: 12    XL:     5   Next: 4%
Magic:  1/9        EV: 12    Int: 16    God:
Gold:   102        SH:  0    Dex: 10    Spells: 9/10 levels left

rFire    . . .     SeeInvis .   g - +0 hand axe
rCold    . . .     Faith    .   (no shield)
rNeg     + . .     Spirit   .   c - +0 robe
rPois    ∞         Reflect  .   (no helmet)
rElec    +         Harm     .   (no cloak)
rCorr    .         Rampage  .   (no gloves)
MR       .....                  (no boots)
Stlth    ++........             (no amulet)
HPRegen  0.09/turn              (no ring)
MPRegen  0.11/turn              (no ring)

@: no status effects
A: negative energy resistance 1, electricity resistance, unbreathing,
petrification resistance, rot immunity, AC +4
a: no special abilities


You were on level 2 of the Dungeon.
You visited 1 branch of the dungeon, and saw 2 of its levels.

You collected 102 gold pieces.

Inventory:

Hand Weapons
 g - a +0 hand axe (weapon)
Missiles
 b - 29 stones (quivered)
Armour
 c - a +0 robe (worn)
Scrolls
 a - 3 scrolls of identify {unknown}
 f - a scroll of remove curse {unknown}
 j - 2 scrolls of teleportation {unknown}
 k - 2 scrolls of magic mapping {unknown}
 l - a scroll of amnesia {unknown}
Potions
 d - a potion of stabbing {unknown}
 e - a potion of degeneration {unknown}
 h - a potion of haste {unknown}
 i - a potion of berserk rage {unknown}
 m - a potion of magic {unknown}


   Skills:
 - Level 0.1 Axes
 - Level 1.9 Dodging
 - Level 2.6 Stealth
 + Level 0.2 Unarmed Combat
 + Level 3.0 Spellcasting
   Level 0.7 Transmutations
 + Level 5.3 Earth Magic


You had 9 spell levels left.
You knew the following spells:

 Your Spells              Type           Power        Failure   Level
a - Sandblast             Erth           ###...       1%          1

Your spell library contained the following spells:

 Spells                   Type           Power        Failure   Level
 Passwall                 Tmut/Erth      ##......     9%          2
 Stone Arrow              Conj/Erth      ##....       19%         3
 Petrify                  Tmut/Erth      ##......     47%         4
 Lee's Rapid Deconstruct  Erth           ###.......   50%         5


Dungeon Overview and Level Annotations

Branches:
Dungeon (2/15)

Altars:


Innate Abilities, Weirdness & Mutations

You are resistant to torment.
Your stone body is resilient. (AC +4)
You are immune to poison.
You resist negative energy. (rN+)
You are resistant to electric shocks. (rElec)
You can survive without breathing.
You are immune to petrification.
You are immune to rotting.


Message History

Aiming: Sandblast (safe; 1% risk of failure)
Press: ? - help, Shift-Dir - straight line, f/p - rat
Aim: a rat The blast of sand hits the worm!
The worm is heavily wounded.
b - 29 stones You hit the worm.
The worm is severely wounded.
The worm bites you! The worm bites you.
* * * LOW HITPOINT WARNING * * *
You hit the worm.
The worm is severely wounded.
The worm closely misses you.
You hit the worm.
The worm is severely wounded.
The worm bites you but does no damage.
You hit the worm.
The worm is severely wounded.
The worm bites you!
You die...

#[#.#.# ##....r....## #......#
#.#.#.# #....###....###......##
#.#.#.# #...##y##...#..........
#...#.#####....###....###......##
#####.....#...........# #......#
....####..##.........# #......#
....# #...##...r...# ########
....####....####w# ###
..............##@##..####
....#####................
....#####.....###).......
........'.....'.)........
#########.....###........ #.....#
#........ ####.............
#............. #.............


You could see a moth of wrath, a worm (berserk) and a rat.

Vanquished Creatures
  An ogre (D:2)
  A gnoll (D:1)
  A worm (D:2)
  6 bats
  2 giant cockroaches (D:1)
  3 goblins (D:1)
  3 hobgoblins
  4 kobolds
  4 frilled lizards
  6 rats
31 creatures vanquished.

Notes
Turn   | Place    | Note
-------+----------+-------------------------------------------
     0 | D:1      | somkeydreadnuts the Gargoyle Earth Elementalist began the
                  | quest for the Orb.
     0 | D:1      | Reached XP level 1. HP: 10/10 MP: 3/3
   193 | D:1      | Reached skill level 4 in Earth Magic
   195 | D:1      | Reached XP level 2. HP: 8/15 MP: 0/5
   620 | D:1      | Reached XP level 3. HP: 11/19 MP: 0/6
  1761 | D:2      | Noticed an ogre
  1769 | D:2      | Killed an ogre
  1769 | D:2      | Reached skill level 5 in Earth Magic
  1769 | D:2      | Reached XP level 4. HP: 24/24 MP: 1/8
  1769 | D:2      | Reached XP level 5. HP: 28/28 MP: 1/9
  1782 | D:2      | Noticed a moth of wrath
  1799 | D:2      | Slain by a worm

Illustrated notes

Levels and vault maps discovered:
D:1:      ncdulo_wetmaze, layout_loops_ring, minmay_misc_feat_secret_circle
D:2:      layout_basic, tgw_trog

Skill      XL: |  1  2  3 |
---------------+----------+-----
Earth Magic    | 4 5 |  5.3
Spellcasting   | 3 |  3.0
Axes           | |  0.1
Dodging        | |  1.9
Stealth        | |  2.6
Unarmed Combat | |  0.2
Transmutations | |  0.7

Action                   |  1- 3 |  4- 6 || total
-------------------------+-------+-------++-------
Melee: Unarmed           |    16 |       ||    16
       Hand axe          |     4 |    10 ||    14
 Cast: Sandblast         |    40 |     5 ||    45
Armor: Robe              |    14 |     9 ||    23
Dodge: Dodged            |    34 |     7 ||    41

Table legend: (Time is in decaauts)
 A = Elapsed time spent in this place.
 B = Non-inter-level travel time spent in this place.
 C = Inter-level travel time spent in this place.
 D = Time resting spent in this place.
 E = Time spent auto-exploring this place.
 F = Levels seen in this place.
 G = Mean time per level.
                   A        B        C        D        E       F      G
               +--------+--------+--------+--------+--------+-----+--------+
         Total |   1804 |   1783 |     21 |      0 |   1515 |   2 |  902.0 |
       Dungeon |   1804 |   1783 |     21 |      0 |   1515 |   2 |  902.0 |
               +--------+--------+--------+--------+--------+-----+--------+

Top non-repeatable levels by time:
     D:1: 996 daAuts
     D:2: 808 daAuts
